 Dungeon Crawl Stone Soup version 0.27-a0-1200-g94dc6ad4cf (webtiles) character file.

Game seed: 2961895306433422188

46132 Froggeryz the Bludgeoner (level 14, -4/94 HPs)
             Began as a Gargoyle Chaos Knight on May 30, 2021.
             Was a Plaything of Xom.
             Slain by a cane toad (16 damage)
             ... on level 6 of the Lair of Beasts.
             The game lasted 00:32:29 (21281 turns).

Froggeryz the Bludgeoner (Gargoyle Chaos Knight)   Turns: 21281, Time: 00:32:30

Health: -4/94      AC: 26    Str: 24    XL:     14   Next: 36%
Magic:  18/18      EV: 10    Int: 13    God:    Xom [....*.]
Gold:   1984       SH:  0    Dex: 18    Spells: 13/13 levels left

rFire    . . .     SeeInvis +   G - +4 morningstar (drain)
rCold    + + .     Faith    .   (no shield)
rNeg     + . .     Spirit   .   y - +0 scale mail
rPois    ∞         Reflect  .   (helmet restricted)
rElec    +         Harm     .   A - +0 cloak
rCorr    .         Rampage  .   s - +0 pair of gloves
Will     ++...                  (no boots)
Stlth    ..........             B - amulet "Yczoull" {Acrobat Str+3}
HPRegen  0.25/turn              g - ring of Naopnas {Fly rC++ Dex+7 SInv}
MPRegen  0.16/turn              p - ring of willpower

@: flying, studying Throwing
A: sickness immunity, AC +10, big wings, negative energy resistance 1,
electricity resistance, torment resistance 1, petrification resistance, antennae
1, talons 1, iridescent scales 2, agile 1, high mp 3
a: Renounce Religion


You were on level 6 of the Lair of Beasts.
You worshipped Xom.
You were a beloved toy of Xom.
You visited 3 branches of the dungeon, and saw 16 of its levels.
You also visited: Gauntlet.

You collected 1984 gold pieces.

Inventory:

Hand Weapons
 G - a +4 morningstar of draining (weapon)
Missiles
 a - a throwing net (quivered)
 F - 5 javelins
Armour
 j - a scarf of repulsion
 l - a +1 helmet of see invisible
 s - a +0 pair of gloves (worn)
 y - a +0 scale mail (worn)
 A - a +0 cloak (worn)
Jewellery
 b - a ring of protection from cold
 g - the ring of Naopnas (left hand) {Fly rC++ Dex+7 SInv}
   (Xom gifted it to you on level 2 of the Dungeon)

   [ring of flight]

   It affects your dexterity (+7).
   It greatly protects you from cold.
   It lets you see invisible.
   It grants you flight.
 p - a ring of willpower (right hand)
 w - a ring of wizardry
 B - the amulet "Yczoull" (around neck) {Acrobat Str+3}
   (Xom gifted it to you on level 1 of the Lair of Beasts)

   [amulet of the acrobat]

   It increases your evasion while moving and waiting.
   It affects your strength (+3).
Wands
 f - a wand of flame (47)
 h - a wand of iceblast (11)
 k - a wand of mindburst (9)
 v - a wand of polymorph (8)
 x - a wand of paralysis (16)
Scrolls
 c - a scroll of blinking
 e - 2 scrolls of enchant armour
 i - 3 scrolls of summoning
 n - 3 scrolls of immolation
 o - 5 scrolls of enchant weapon
 q - a scroll of teleportation
 r - 2 scrolls of magic mapping
 t - a scroll of amnesia
 u - 3 scrolls of fog
 H - a scroll of fear
Potions
 d - 5 potions of haste
 m - 2 potions of brilliance
 z - 2 potions of cancellation
 C - a potion of might
 E - a potion of resistance
 I - a potion of curing
Miscellaneous
 J - a phantom mirror


   Skills:
 + Level 13.6 Fighting
 - Level 17.0 Maces & Flails
 + Level 11.5 Armour
 - Level 0.7 Dodging
 - Level 5.2 Evocations


You had 13 spell levels left.
You didn't know any spells.
Your spell library contained the following spells:

 Spells                   Type           Power      Damage    Failure   Level
 Ensorcelled Hibernation  Hex/Ice        0%         N/A       67%         2
 Confusing Touch          Hex            0%         N/A       88%         3
 Gell's Gravitas          Tloc           0%         N/A       88%         3
 Ignite Poison            Fire/Tmut/Pois 0%         N/A       88%         3
 Animate Armour           Summ/Erth      0%         N/A       99%         4
 Cause Fear               Hex            0%         N/A       99%         4
 Petrify                  Tmut/Erth      0%         N/A       99%         4
 Alistair's Intoxication  Tmut/Pois      0%         N/A       100%        5
 Borgnjor's Vile Clutch   Necr/Erth      0%         N/A       100%        5
 Irradiate                Conj/Tmut      0%         3d13      100%        5
 Metabolic Englaciation   Hex/Ice        0%         N/A       100%        5
 Silence                  Hex/Air        0%         N/A       100%        5
 Yara's Violent Unravell  Hex/Tmut       0%         3d3       100%        5
 Eringya's Noxious Bog    Tmut/Pois      0%         N/A       100%        6
 Shadow Creatures         Summ           N/A        N/A       100%        6
 Discord                  Hex            0%         N/A       100%        8
 Sublimation of Blood     Necr           Unusable   N/A       N/A         2

Dungeon Overview and Level Annotations

Branches:
Dungeon (9/15)             Temple (0/1) D:4            Lair (6/6) D:8
 Shoals (0/4) Lair:2       Spider (0/4) Lair:3        Slime (1/5) Lair:5
Gauntlet (visited)
    Orc: D:9-12

Altars:
Cheibriados
Dithmenos
Fedhas
Hepliaklqana
Kikubaaqudgha
Makhleb
Nemelex Xobeh
Qazlal
Ru
Xom
The Shining One
Beogh

Annotations:
Lair:1 3 runed translucent doors, Gurchaud's ghost, journeyman DrCj; Teol's ghost, novice DrNe; Toipt's ghost, journeyman PaBe


Innate Abilities, Weirdness & Mutations

You are immune to sickness and miasma.
Your stone body is resilient. (AC +10)
You are immune to poison.
Your large and strong wings let you fly.
You resist negative energy. (rN+)
You are resistant to electric shocks. (rElec)
You are resistant to unholy torment.
You are immune to petrification.
You have a pair of small antennae on your head.
You have sharp toenails.
You are mostly covered in iridescent scales. (AC +4)
You are agile. (Dex +2)
You have a greatly increased reservoir of magic. (+30% MP)


Message History

There is an empty arch of ancient stone, spattered with blood here.
Things that are here:
a yak corpse; a yak corpse; a wolf corpse
There is a stone staircase leading up here.
You fly upwards.
There is a stone staircase leading down here.
You start resting.
Your cleaving frenzy subsides.
You fly downwards.
There is a stone staircase leading up here.
You start resting.
A basilisk comes into view.
The basilisk hisses angrily.
You hear a loud, deep croak!
The basilisk gazes at you. You resist with almost no effort.
You see here a +2 trident of protection.
A cane toad comes into view.
The basilisk gazes at you. You resist with almost no effort.
You hit the basilisk. You drain the basilisk. Your kick misses the basilisk.
The basilisk is lightly wounded.
The basilisk bites you but does no damage.
You hit the basilisk but do no damage. You drain the basilisk.
Your kick misses the basilisk.
The basilisk is moderately wounded.
The cane toad closely misses you.
You barely miss the cane toad. You claw the cane toad.
The cane toad is lightly wounded.
Xom's power touches on a nearby monster.
The basilisk evaporates and reforms as a hog!
The cane toad stings you!
You sock the cane toad!
You claw the cane toad, but do no damage.
The cane toad is moderately wounded.
The hog bites you but does no damage. The cane toad stings you!
* * * LOW HITPOINT WARNING * * *
You impale the hog!!
The hog is severely wounded.
The hog barely misses you. The cane toad stings you!
You die...

...................
.....$.........$..... ∆
......................
.......................
........................
........................
...............P........
∆
......F...)<††..........
......h@.....†..........
....##..#####...........
. #...# ##..(....... ∆
#...## #.......... #...
#.......P## #...
#.)..P..≈#≈ #...
#†#†...§.≈≈ #...
##.†....≈≈≈ ∆
##†.†....≈§§


You could see a cane toad and a hog.

Vanquished Creatures
  A rockslime (Lair:5)
  A minotaur (Gauntlet)
  A blizzard demon (Gauntlet)
  A boulder beetle (Lair:6)
  A hydra (Lair:6)
  2 catoblepae
  A two-headed ogre (D:8)
  5 death yaks (Lair:4)
  Pikel (D:4)
  An oklob plant (Lair:3)
  A merfolk siren (Lair:2)
  6 black mambas
  13 elephants
  Joseph (D:7)
  2 molten gargoyles (Gauntlet)
  A gargoyle (Gauntlet)
  A kobold demonologist (D:9)
  Maggie (D:6)
  Psyche (D:8)
  15 cane toads
  3 komodo dragons
  A cane toad (shapeshifter) (D:2)
  2 rime drakes
  A troll (D:8)
  A polar bear (Lair:3)
  11 blink frogs
  11 dream sheep
  Prince Ribbit (D:6)
  Sigmund (D:4)
  3 redbacks (Lair:3)
  A tarantella (shapeshifter) (Lair:2)
  2 wyverns
  Grum (D:8)
  55 yaks
  A yak (shapeshifter) (Lair:1)
  A golden eye (shapeshifter) (Lair:4)
  A steam dragon (D:6)
  Duvessa (D:4)
  13 water moccasins
  An acid dragon (Lair:3)
  A black bear (shapeshifter) (Lair:5)
  An orc warrior (D:8)
  A sky beast (D:6)
  4 black bears
  5 necrophages
  A boggart (Lair:5)
  3 ogres
  17 wolves
  2 centaurs (D:8)
  A phantom (D:6)
  14 bullfrogs
  3 scorpions
  Dowan (D:4)
  4 killer bees (D:8)
  6 wights (D:7)
  2 howler monkeys
  5 electric eels (D:8)
  A jelly (D:5)
  A centaur zombie (D:7)
  3 orc priests
  6 hounds
  A centaur skeleton (D:5)
  Jessica (D:2)
  5 iguanas
  A hound skeleton (D:5)
  A hound zombie (D:4)
  4 howler monkey zombies
  4 gnolls
  4 adders
  A white imp (Gauntlet)
  An ufetubus (D:5)
  2 adder zombies
  An adder skeleton (D:4)
  4 worms
  31 orcs
  5 bats
  12 endoplasms
  5 giant cockroaches
  5 goblins
  5 hobgoblins
  11 jackals
  A quokka (D:1)
  9 ball pythons
  8 frilled lizards
  10 kobolds
  A quokka zombie (D:4)
  6 rats
390 creatures vanquished.

Vanquished Creatures (collateral kills)
  2 elephants (Lair:4)
  A komodo dragon (Lair:3)
  A dream sheep (Lair:4)
  An acid dragon (D:5)
  Ijyb (D:2)
  A scorpion zombie (D:5)
  A howler monkey zombie (D:5)
  4 gnolls (D:2)
  2 goblins (D:2)
14 creatures vanquished.

Vanquished Creatures (others)
  A cane toad (Lair:2)
  5 yaks
  A black bear (D:6)
  A centaur skeleton (D:6)
  A bush (D:4)
  36 fungi
  55 plants
100 creatures vanquished.

Grand Total: 504 creatures vanquished

Notes
Turn   | Place    | Note
-------+----------+-------------------------------------------
     0 | D:1      | Froggeryz the Gargoyle Chaos Knight began the quest for the
                  | Orb.
     0 | D:1      | Reached XP level 1. HP: 14/14 MP: 1/1
    42 | D:1      | XOM: silly message
    94 | D:1      | Noticed a shapeshifter
    94 | D:1      | a goblin changed into a shapeshifter
    94 | D:1      | Noticed a human
    94 | D:1      | a shapeshifter changed into a human
    98 | D:1      | XOM: butterfly on damage
   112 | D:1      | XOM: potion effect (invisibility)
   116 | D:1      | Noticed a hog
   116 | D:1      | a human changed into a hog
   117 | D:1      | Noticed a cane toad
   117 | D:1      | a hog changed into a cane toad
   120 | D:1      | XOM: potion effect (haste)
   124 | D:1      | XOM: summons friendly chaos spawn
   319 | D:2      | XOM: cloud trail
   375 | D:2      | Reached XP level 2. HP: 12/19 MP: 2/2
   710 | D:2      | XOM: scenery: create altars
   892 | D:2      | Reached skill level 4 in Maces & Flails
   910 | D:2      | Reached XP level 3. HP: 23/23 MP: 3/3
  1027 | D:2      | Noticed Ijyb
  1044 | D:2      | XOM: summons 3 friendly demons
  1047 | D:2      | Killed Ijyb
  1059 | D:2      | Identified the ring of Naopnas {Fly rC++ Dex+7 SInv} (Xom
                  | gifted it to you on level 2 of the Dungeon)
  1059 | D:2      | XOM: god gift: ring of Naopnas {Fly rC++ Dex+7 SInv}
  1143 | D:2      | XOM: 2-stop teleportation journey
  1231 | D:2      | Reached XP level 4. HP: 10/28 MP: 4/4
  1235 | D:2      | Reached skill level 5 in Maces & Flails
  1241 | D:2      | XOM: god gift: wand of iceblast (12)
  1321 | D:2      | XOM: 1-stop teleportation journey
  1396 | D:2      | XOM: 2-stop teleportation journey
  1577 | D:2      | Noticed Jessica
  1587 | D:2      | Killed Jessica
  1744 | D:2      | XOM: butterfly on damage
  1747 | D:2      | Reached XP level 5. HP: 7/32 MP: 5/5
  1964 | D:2      | XOM: summons 3 hostile demons
  1965 | D:2      | Noticed a red devil
  1965 | D:2      | Noticed a chaos spawn
  1986 | D:3      | XOM: 1-stop teleportation journey
  2197 | D:3      | XOM: god gift: wand of mindburst (9)
  2365 | D:2      | XOM: summons 2 friendly demons
  2372 | D:2      | Killed a cane toad
  2373 | D:2      | Reached skill level 7 in Maces & Flails
  2373 | D:2      | Reached XP level 6. HP: 14/37 MP: 6/6
  3001 | D:1      | XOM: divination: detect items
  3151 | D:1      | XOM: scenery: create altars
  3398 | D:3      | Identified a scroll of acquirement
  3400 | D:3      | Acquired a +0 helmet of see invisible
  3567 | D:3      | Found a faded altar of an unknown god.
  3638 | D:3      | XOM: scenery: summon butterflies
  3643 | D:3      | Reached XP level 7. HP: 39/41 MP: 7/7
  3733 | D:3      | Found a sparkling altar of Nemelex Xobeh.
  4252 | D:4      | Noticed Pikel
  4254 | D:4      | XOM: summons friendly chaos spawn
  4267 | D:4      | XOM: divination: magic mapping
  4276 | D:4      | Killed Pikel
  4277 | D:4      | Reached skill level 8 in Maces & Flails
  4277 | D:4      | Reached XP level 8. HP: 30/46 MP: 8/8
  4322 | D:4      | XOM: give mutations
  4322 | D:4      | Gained mutation: You have sharp toenails. [Xom's grace]
  4322 | D:4      | Gained mutation: You have a pair of small antennae on your
                  | head. [Xom's grace]
  4322 | D:4      | Gained mutation: Your flesh is heat resistant. (rF+) [Xom's
                  | grace]
  4428 | D:4      | XOM: divination: detect items
  4435 | D:4      | Reached skill level 9 in Maces & Flails
  4435 | D:4      | XOM: butterfly on damage
  4438 | D:4      | HP: 1/46 [orc priest/divine providence (13)]
  4811 | D:4      | Found a staircase to the Ecumenical Temple.
  4968 | D:4      | Noticed Sigmund
  4976 | D:4      | XOM: confuse monster(s)
  4984 | D:4      | Killed Sigmund
  4985 | D:4      | Reached skill level 5 in Armour
  5058 | D:4      | XOM: cast spell 'Metabolic Englaciation'
  5208 | D:4      | XOM: god gift: 43 gold pieces
  5212 | D:4      | Found a snail-covered altar of Cheibriados.
  5228 | D:4      | Noticed Duvessa
  5228 | D:4      | Noticed Dowan
  5247 | D:4      | Killed Dowan
  5250 | D:4      | Killed Duvessa
  5251 | D:4      | Reached skill level 10 in Maces & Flails
  5458 | D:4      | Found a blossoming altar of Fedhas.
  5538 | D:4      | XOM: give mutations
  5538 | D:4      | Gained mutation: Armour fits poorly on your strangely
                  | shaped body. [Xom's mischief]
  5538 | D:4      | Lost mutation: Your flesh is heat resistant. (rF+) [Xom's
                  | mischief]
  5538 | D:4      | Gained mutation: Potions are less effective at restoring
                  | your health. [Xom's mischief]
  5623 | D:4      | XOM: give mutations
  5623 | D:4      | Gained mutation: You are partially covered in iridescent
                  | scales. (AC +2) [Xom's grace]
  5623 | D:4      | Gained mutation: You are somewhat resistant to further
                  | mutation. [Xom's grace]
  5885 | D:4      | Acquired 984 gold pieces
  5947 | D:4      | XOM: chaos cloud
  5954 | D:4      | Reached XP level 9. HP: 51/51 MP: 9/9
  6029 | D:5      | Entered Level 5 of the Dungeon
  6311 | D:5      | Noticed an unseen horror
  6315 | D:5      | XOM: summons friendly shadow imp
  6322 | D:5      | XOM: smoke on damage
  6340 | D:5      | XOM: enchant monster (good)
  6379 | D:5      | XOM: noise
  6602 | D:5      | XOM: cleaving
  6616 | D:5      | Reached skill level 11 in Maces & Flails
  6880 | D:5      | XOM: butterfly on damage
  6880 | D:5      | XOM: smoke on damage
  7123 | D:5      | XOM: god gift: 22 gold pieces
  7336 | D:5      | Found a sacrificial altar of Ru.
  7541 | D:6      | XOM: god gift: glaive {god gift}
  7649 | D:5      | XOM: give mutations
  7649 | D:5      | Gained mutation: You are agile. (Dex +2) [Xom's grace]
  7649 | D:5      | Gained mutation: Your flesh is heat resistant. (rF+) [Xom's
                  | grace]
  7649 | D:5      | Gained mutation: You are mostly covered in iridescent
                  | scales. (AC +4) [Xom's grace]
  7649 | D:5      | Gained mutation: You are strong-willed. (Will+) [Xom's
                  | grace]
  7654 | D:6      | XOM: cloud trail
  7734 | D:6      | Reached skill level 5 in Fighting
  8041 | D:6      | Noticed Maggie
  8053 | D:6      | Killed Maggie
  8054 | D:6      | Reached skill level 12 in Maces & Flails
  8068 | D:6      | XOM: god gift: emerald potion {god gift}
  8154 | D:6      | Noticed Prince Ribbit
  8184 | D:6      | Killed Prince Ribbit
  8185 | D:6      | Reached XP level 10. HP: 36/60 MP: 10/10
  8204 | D:6      | XOM: give mutation
  8204 | D:6      | Gained mutation: You expend magic power (3 MP) to
                  | strengthen your wands. [Xom's grace]
  8437 | D:7      | XOM: 1-stop teleportation journey
  8451 | D:7      | XOM: give mutations
  8451 | D:7      | Gained mutation: You occasionally shout uncontrollably at
                  | your foes. [Xom's mischief]
  8451 | D:7      | Lost mutation: Potions are less effective at restoring your
                  | health. [Xom's mischief]
  8458 | D:7      | XOM: confusion (+ monsters)
  8679 | D:7      | XOM: confusion (+ monsters)
  8685 | D:7      | XOM: swap monsters
  8909 | D:7      | Found Hellom's Armour Shoppe.
  8926 | D:7      | XOM: confusion (+ monsters)
  9136 | D:7      | XOM: noise
  9242 | D:7      | XOM: cast spell 'Shadow Creatures'
  9485 | D:7      | XOM: summons friendly white imp
  9489 | D:7      | XOM: chaos cloud
  9490 | D:7      | XOM: enchant monster (bad)
  9500 | D:7      | XOM: potion effect (might)
  9510 | D:7      | Reached skill level 13 in Maces & Flails
  9561 | D:7      | XOM: give mutation
  9561 | D:7      | Lost mutation: You occasionally shout uncontrollably at
                  | your foes. [Xom's mischief]
  9565 | D:8      | Found a burning altar of Makhleb.
  9565 | D:8      | Found a shadowy altar of Dithmenos.
  9764 | D:8      | XOM: scenery: 1 doors open
  9811 | D:8      | Noticed Psyche
  9821 | D:8      | Killed Psyche
  9826 | D:8      | XOM: 1-stop teleportation journey
  9862 | D:8      | XOM: 7-stop teleportation journey
  9862 | D:8      | Noticed Grum
  9873 | D:8      | XOM: confusion
  9876 | D:8      | XOM: confusion
  9884 | D:8      | Noticed Joseph
  9888 | D:8      | XOM: enchant monster (bad)
  9890 | D:8      | XOM: polymorph hound -> orc
  9898 | D:8      | XOM: scenery: 1 doors open
  9911 | D:8      | XOM: polymorph jelly -> bullfrog
  9944 | D:7      | XOM: scenery: create altars
 10152 | D:8      | XOM: summons 2 friendly demons
 10177 | D:7      | XOM: confuse monster(s)
 10187 | D:7      | Killed Joseph
 10260 | D:8      | Killed Grum
 10269 | D:8      | Reached XP level 11. HP: 46/68 MP: 0/11
 10347 | D:8      | XOM: give mutations
 10347 | D:8      | Gained mutation: You are robust. (+10% HP) [Xom's grace]
 10347 | D:8      | Gained mutation: You have an increased reservoir of magic.
                  | (+10% MP) [Xom's grace]
 10357 | D:8      | Noticed a two-headed ogre
 10363 | D:8      | Killed a two-headed ogre
 10364 | D:8      | Reached skill level 14 in Maces & Flails
 10384 | D:8      | XOM: divination: detect creatures
 10607 | D:8      | Found a staircase to the Lair.
 10648 | D:8      | Found an ancient bone altar of Kikubaaqudgha.
 10648 | D:8      | Found a stormy altar of Qazlal.
 10655 | D:8      | Found a hazy altar of Hepliaklqana.
 10657 | D:8      | Found a glowing golden altar of the Shining One.
 10659 | D:8      | Found a faded altar of an unknown god.
 10904 | D:8      | XOM: give mutation
 10904 | D:8      | Gained mutation: You are completely covered in iridescent
                  | scales. (AC +6) [Xom's grace]
 11166 | D:8      | XOM: scenery: 1 doors close
 11324 | D:9      | XOM: divination: magic mapping
 11329 | D:9      | XOM: scenery: summon butterflies
 11371 | Lair:1   | XOM: stealth player
 11371 | Lair:1   | Entered Level 1 of the Lair of Beasts
 11605 | Lair:1   | XOM: cast spell 'Alistair's Intoxication'
 11606 | Lair:1   | XOM: polymorph water moccasin -> shapeshifter
 11751 | Lair:1   | XOM: cleaving
 11753 | Lair:1   | XOM: cleaving
 11786 | Lair:1   | XOM: 3-stop teleportation journey
 11974 | Lair:1   | XOM: give mutations
 11974 | Lair:1   | Gained mutation: You have a considerably increased
                  | reservoir of magic. (+20% MP) [Xom's grace]
 11974 | Lair:1   | Gained mutation: You have a greatly increased reservoir of
                  | magic. (+30% MP) [Xom's grace]
 12252 | Lair:1   | Identified the amulet "Yczoull" {Acrobat Str+3} (Xom gifted
                  | it to you on level 1 of the Lair of Beasts)
 12252 | Lair:1   | XOM: god gift: amulet "Yczoull" {Acrobat Str+3}
 12317 | Lair:1   | Found a runed translucent gate.
 12317 | Lair:1   | Found a runed translucent gate.
 12317 | Lair:1   | Noticed Toipt's ghost (journeyman PaBe)
 12317 | Lair:1   | Noticed Teol's ghost (novice DrNe)
 12318 | Lair:1   | Noticed Gurchaud's ghost (journeyman DrCj)
 12318 | Lair:1   | Noticed Gurchaud's ghost (journeyman DrCj)
 12319 | Lair:1   | Found a runed translucent gate.
 12886 | Lair:2   | XOM: give mutations
 12886 | Lair:2   | Lost mutation: You are strong-willed. (Will+) [Xom's
                  | mischief]
 12886 | Lair:2   | Lost mutation: You are somewhat resistant to further
                  | mutation. [Xom's mischief]
 12886 | Lair:2   | Lost mutation: Armour fits poorly on your strangely shaped
                  | body. [Xom's mischief]
 12886 | Lair:2   | Lost mutation: You are robust. (+10% HP) [Xom's mischief]
 12915 | Lair:2   | XOM: scenery: summon butterflies
 12920 | Lair:2   | XOM: scenery: summon butterflies
 12922 | Lair:2   | XOM: scenery: summon butterflies
 12939 | Lair:2   | XOM: enchant monster (good)
 12963 | Lair:2   | XOM: summons friendly iron imp
 12965 | Lair:2   | XOM: divine lightning
 12972 | Lair:2   | XOM: destruction
 12976 | Lair:2   | Noticed a catoblepas
 12978 | Lair:2   | Reached skill level 15 in Maces & Flails
 12995 | Lair:2   | XOM: repel stairs
 13000 | Lair:2   | Killed a catoblepas
 13001 | Lair:2   | Reached skill level 10 in Fighting
 13119 | Lair:2   | XOM: divine lightning
 13242 | Lair:2   | XOM: give mutations
 13242 | Lair:2   | Lost mutation: You expend magic power (3 MP) to strengthen
                  | your wands. [Xom's mischief]
 13242 | Lair:2   | Lost mutation: You are completely covered in iridescent
                  | scales. (AC +6) [Xom's mischief]
 13242 | Lair:2   | Lost mutation: Your flesh is heat resistant. (rF+) [Xom's
                  | mischief]
 13291 | Lair:2   | Found a staircase to the Shoals.
 13310 | Lair:2   | XOM: chaos upgrade
 13311 | Lair:2   | XOM: swap monsters
 13384 | Lair:2   | Reached XP level 12. HP: 53/77 MP: 15/15
 13543 | Lair:2   | XOM: 2-stop teleportation journey
 13562 | Lair:2   | XOM: draining
 13594 | Lair:2   | XOM: polymorph elephant -> glowing shapeshifter
 13615 | Lair:2   | Reached skill level 1 in Evocations
 13943 | Lair:2   | XOM: summons 1 hostile demon
 14059 | Lair:3   | XOM: polymorph water moccasin -> acid dragon
 14076 | Lair:3   | XOM: enchant monster (good)
 14091 | Lair:2   | XOM: divination: magic mapping
 14596 | Lair:3   | XOM: divination: magic mapping
 14600 | Lair:3   | XOM: enchant monster (bad)
 14604 | Lair:3   | Reached skill level 16 in Maces & Flails
 14738 | Lair:3   | XOM: god gift: +0 great mace of chaos
 14754 | Lair:3   | Found a hole to the Spider Nest.
 14935 | Lair:3   | XOM: summons friendly shadow imp
 14988 | Lair:3   | Identified the +1 mace of the Inquisitive Moons {vorpal,
                  | Str+4 Int+2}
 15283 | Lair:3   | XOM: 1-stop teleportation journey
 15687 | Lair:3   | XOM: cloud trail
 16275 | Lair:4   | XOM: cast spell 'Leda's Liquefaction'
 16421 | Lair:4   | XOM: silly message
 16442 | Lair:4   | XOM: summons friendly white imp
 16458 | Lair:4   | XOM: chaos cloud
 16465 | Lair:4   | XOM: divine lightning
 16572 | Lair:4   | Noticed a death yak
 16572 | Lair:4   | Noticed a death yak
 16572 | Lair:4   | Noticed a death yak
 16606 | Lair:4   | XOM: scenery: create altars
 16623 | Lair:4   | Killed a death yak
 16633 | Lair:4   | Killed a death yak
 16646 | Lair:4   | XOM: divination: magic mapping
 16665 | Lair:4   | XOM: god gift: halberd {god gift}
 16695 | Lair:4   | XOM: destruction
 16707 | Lair:4   | XOM: confuse monster(s)
 16721 | Lair:4   | Reached skill level 5 in Evocations
 17020 | Lair:4   | Reached skill level 17 in Maces & Flails
 17020 | Lair:4   | Reached XP level 13. HP: 82/82 MP: 16/16
 17071 | Lair:4   | XOM: noise
 17226 | Lair:4   | XOM: divination: magic mapping
 17446 | Lair:4   | XOM is BORED!
 17449 | Lair:4   | XOM: destruction
 17453 | Lair:4   | XOM: scenery: create altars
 17457 | Lair:4   | XOM: scenery: create altars
 17479 | Lair:4   | XOM: divination: detect creatures
 17840 | Lair:5   | XOM: polymorph dream sheep -> shapeshifter
 17858 | Lair:4   | XOM: cast spell 'Summon Mana Viper'
 17918 | Lair:5   | XOM: divination: detect items
 17933 | Lair:5   | XOM: summons 5 friendly demons
 18260 | Lair:5   | XOM: give mutations
 18260 | Lair:5   | Gained mutation: Armour fits poorly on your strangely
                  | shaped body. [Xom's mischief]
 18260 | Lair:5   | Lost mutation: Armour fits poorly on your strangely shaped
                  | body. [Xom's mischief]
 18309 | Lair:5   | XOM: polymorph elephant -> komodo dragon
 18326 | Lair:4   | XOM: potion effect (brilliance)
 18343 | Lair:4   | XOM: cast spell 'Shadow Creatures'
 18345 | Lair:4   | XOM: enchant monster (bad)
 18750 | Lair:5   | XOM: 2-stop teleportation journey
 18764 | Lair:5   | XOM: chaos cloud
 19069 | Lair:5   | XOM: scenery: create altars
 19084 | Lair:5   | XOM: confusion
 19085 | Lair:5   | XOM: noise
 19094 | Lair:5   | XOM: scenery: create altars
 19110 | Lair:5   | XOM: silly message
 19424 | Lair:5   | Found a staircase to the Slime Pits.
 19433 | Lair:5   | XOM: silly message
 19470 | Lair:5   | XOM: summons 3 hostile shadow creatures
 19470 | Lair:5   | Noticed an ettin
 19739 | Lair:5   | Noticed an azure jelly
 19740 | Lair:5   | an azure jelly changed into a shapeshifter
 19740 | Lair:5   | XOM: polymorph azure jelly -> shapeshifter
 19742 | Lair:6   | Entered Level 6 of the Lair of Beasts
 19742 | Lair:6   | Found a gate leading to a gauntlet.
 19742 | Lair:6   | XOM: silly message
 19752 | Gauntlet | Entered a Gauntlet
 19752 | Gauntlet | Found a transporter.
 19752 | Gauntlet | Found a transporter.
 19753 | Gauntlet | Found a transporter.
 19756 | Gauntlet | Found a transporter.
 19756 | Gauntlet | Found a transporter.
 19774 | Gauntlet | Found a transporter.
 19775 | Gauntlet | Noticed a blizzard demon
 19776 | Gauntlet | Found a transporter.
 19798 | Gauntlet | Found a transporter.
 19800 | Gauntlet | Found a transporter.
 19806 | Gauntlet | Found a transporter.
 19810 | Gauntlet | Found a transporter.
 19883 | Gauntlet | Found a transporter.
 19961 | Gauntlet | Acquired a +4 morningstar of draining
 19978 | Gauntlet | XOM: torment (58/86 hp)
 20225 | Gauntlet | Killed a blizzard demon
 20430 | Gauntlet | Noticed a minotaur
 20431 | Gauntlet | XOM: stat loss: -1 Dex (17/18)
 20434 | Gauntlet | XOM: confusion (+ monsters)
 20442 | Gauntlet | Killed a minotaur
 20457 | Lair:6   | XOM: confuse monster(s)
 20463 | Lair:6   | Reached skill level 10 in Armour
 20463 | Lair:6   | XOM: summons 7 hostile demons
 20475 | Lair:6   | XOM: enchant monster (bad)
 20477 | Lair:6   | XOM: enchant monster (good)
 20509 | Lair:6   | XOM: snakes to sticks
 20724 | Slime:1  | Entered Level 1 of the Pits of Slime
 20724 | Slime:1  | Noticed a rockslime
 20747 | Lair:5   | Killed a rockslime
 20748 | Lair:5   | Gained mutation: Your large and strong wings let you fly.
                  | [Gargoyle growth]
 20748 | Lair:5   | Reached XP level 14. HP: 45/92 MP: 18/18
 20859 | Lair:5   | XOM: god gift: scroll of noise
 20870 | Lair:6   | XOM: enchant monster (good)
 21047 | Lair:6   | XOM: divine lightning
 21049 | Lair:6   | XOM: divination: detect items
 21078 | Lair:6   | XOM: confuse monster(s)
 21108 | Lair:6   | Identified the +5 war axe of Punishment {elec, rC++ Int+2}
 21127 | Lair:6   | XOM: summons friendly shadow imp
 21137 | Lair:6   | XOM: summons friendly ufetubus
 21153 | Lair:6   | XOM: summons 2 friendly demons
 21168 | Lair:6   | XOM: scenery: summon butterflies
 21169 | Lair:6   | XOM: cleaving
 21182 | Lair:6   | XOM: enchant monster (good)
 21196 | Lair:6   | XOM: cleaving
 21197 | Lair:6   | XOM: destruction
 21279 | Lair:6   | XOM: polymorph basilisk -> hog
 21281 | Lair:6   | Slain by a cane toad

Illustrated notes

Levels and vault maps discovered:
D:1:      co_arrival_random_square_maze, layout_basic, minmay_pentomino_s4
D:2:      kennysheep_the_goblin_king, layout_basic, serial_park_tiny_1,
          uniq_jessica
D:3:      layout_basic, nemelex_spade_bored_becter, serial_curves,
          eino_curves_02, eino_curves_01, ebering_ecumenical_altar_hall,
          minmay_misc_feat_roman, minmay_fractal_squares_5
D:4:      layout_loops_corners, fedhas_altar_decomposition, cheibriados_altar_1,
          minmay_temple_entry_statues_fountains, minmay_lizard_king, uniq_pikel,
          uniq_duvessa, uniq_sigmund
D:5:      layout_basic, lemuel_coloured_pillars_altar, minmay_manual_monolith
D:6:      layout_rooms, uniq_maggie, uniq_prince_ribbit1
D:7:      layout_cave_pods, serial_shops, nicolae_shop_waterfront
D:8:      layout_gridville, chequers_temple_overflow_minitemple,
          chequers_temple_overflow_statue_of_worship, erik_lair_island,
          special_room [special_room_orc], uniq_joseph, uniq_grum, uniq_psyche
D:9:      layout_long_grid, kennysheep_mini_moat,
          gammafunk_temple_overflow_statue, minmay_orc_entry_guard_dogs,
          amethyst_killhole, minmay_increasing_density
Lair:1:   layout_cave_pods, gammafunk_ghost_cemetery,
          infiniplex_staircase_pool_2
Lair:2:   layout_chaotic_city, elwin_shoals_entry_rooms
Lair:3:   layout_hall_layers, spider_nest_entry_webs, beast_lair_carwin_3,
          grunt_megastairs_5, serial_bayou_shore_a, minmay_lair_oklob_chamber
Lair:4:   layout_gridlike, lemuel_fruit_tree, infiniplex_staircase_pool
Lair:5:   layout_long_grid, slime_dummy
Lair:6:   grunt_lair_end_beastmaster, layout_gridlike, gauntlet_entry_generic,
          lightli_volcano_entry_magma_tube
Slime:1:  cheibrodos_slime_lost_civilization_2, layout_caves, basic_altar

Skill      XL: |  1  2  3  4  5  6  7  8  9 10 11 12 13 14 |
---------------+-------------------------------------------+-----
Maces & Flails | 4 5 7 8 10 12 13 15 17 | 17.0
Armour         | 4 5 6 10 11 | 11.5
Fighting       | 6 8 10 12 13 | 13.6
Evocations     | 5 |  5.2
Dodging        | |  0.7

Action                   |  1- 3 |  4- 6 |  7- 9 | 10-12 | 13-15 || total
-------------------------+-------+-------+-------+-------+-------++-------
Melee: Mace              |    67 |   118 |    59 |       |       ||   244
       Whip              |       |       |   327 |   280 |       ||   607
       Kick              |       |       |   107 |   328 |   226 ||   661
       Flail             |       |       |       |   441 |   252 ||   693
       Morningstar       |       |       |       |       |   202 ||   202
Throw: Throwing net      |       |     1 |     2 |     1 |       ||     4
Evoke: Wand              |       |       |     2 |    11 |     1 ||    14
  Use: Scroll            |       |     8 |     7 |     8 |     3 ||    26
       Potion            |       |     1 |     5 |     5 |     5 ||    16
 Stab: Sleeping          |       |     3 |       |       |       ||     3
       Distracted        |       |     1 |     2 |     2 |       ||     5
       Paralysed         |       |       |     8 |     5 |       ||    13
       Confused          |       |       |       |     7 |     4 ||    11
       Petrified         |       |       |       |     7 |       ||     7
Armor: Leather armour    |    40 |    71 |    67 |       |       ||   178
       Scale mail        |       |       |    93 |   294 |   300 ||   687
Dodge: Dodged            |    43 |    72 |   164 |   321 |   246 ||   846

Table legend: (Time is in decaauts)
 A = Elapsed time spent in this place.
 B = Non-inter-level travel time spent in this place.
 C = Inter-level travel time spent in this place.
 D = Time resting spent in this place.
 E = Time spent auto-exploring this place.
 F = Levels seen in this place.
 G = Mean time per level.
                   A        B        C        D        E       F      G
               +--------+--------+--------+--------+--------+-----+--------+
         Total |  20747 |  20194 |    553 |   3902 |  12828 |  17 | 1220.4 |
       Dungeon |  11105 |  10766 |    339 |   1523 |   7502 |   9 | 1233.9 |
          Lair |   8943 |   8729 |    214 |   2017 |   5325 |   6 | 1490.5 |
    Slime Pits |      1 |      1 |      0 |      0 |      0 |   1 |    1.0 |
      Gauntlet |    696 |    696 |      0 |    362 |      0 |   1 |  696.0 |
               +--------+--------+--------+--------+--------+-----+--------+

Top non-repeatable levels by time:
     D:2: 2237 daAuts
  Lair:4: 2026 daAuts
  Lair:3: 1960 daAuts
     D:4: 1887 daAuts
  Lair:5: 1737 daAuts
     D:5: 1470 daAuts
  Lair:1: 1452 daAuts
     D:7: 1447 daAuts
     D:8: 1356 daAuts
  Lair:2: 1348 daAuts
     D:3: 962 daAuts
     D:1: 900 daAuts
     D:6: 827 daAuts
Gauntlet: 696 daAuts
  Lair:6: 418 daAuts
